 Dungeon Crawl Stone Soup version 0.31-a0-344-gd109795599 (webtiles) character file.

Game seed: 8702095987367558298

133 spiderkeys the Changeling (level 5, -4/34 HPs)
             Began as an Octopode Shapeshifter on July 22, 2023.
             Slain by Ijyb
             ... wielding a +4 club
              (8 damage)
             ... on level 3 of the Dungeon.
             The game lasted 00:02:52 (1865 turns).

spiderkeys the Changeling (Octopode Shapeshifter)   Turns: 1865, Time: 00:02:53

Health: -4/34      AC:  1    Str: 14    XL:     5   Next: 16%
Magic:  5/5        EV: 13    Int: 11    God:
Gold:   46         SH:  0    Dex: 14    Spells: 4/4 levels left

rFire   . .          .
                       - Unarmed
rCold   . . .        (no shield)
rNeg    . . .        (helmet currently unavailable)
rPois   .            (no amulet)
rElec   .            (no ring)
rCorr   .            (no ring)
SInv    .            (no ring)
Will    .....        (no ring)
Stlth   ++           (no ring)
HPRegen 0.25/turn    (no ring)
MPRegen 0.09/turn    (no ring)
                     (no ring)

%: no passive effects
@: beast-form
A: beast (slay +2), almost no armour, amphibious, 8 rings, camouflage 1,
gelatinous body 1, (nimble swimmer 1), tentacles
a: Begin Untransformation


You were on level 3 of the Dungeon.
You were a hulking beast.
You visited 1 branch of the dungeon, and saw 3 of its levels.

You collected 46 gold pieces.


Innate Abilities, Weirdness & Mutations

You are a hulking beast.
Your limbs bulge with bestial killing power. (Slay +2)
You cannot wear most types of armour.
You are amphibious.
You can wear up to eight rings at the same time.
Your skin changes colour to match your surroundings (Stealth+).
Your rubbery body absorbs attacks. (AC +1, EV +1)
((You are camouflaged when in or above water. (Stealth+)))
You have tentacles for arms and can constrict up to eight enemies at once.


   Skills:
 + Level 2.2 Fighting
 + Level 2.8 Dodging
 + Level 3.7 Unarmed Combat
 * Level 3.9 Shapeshifting


You had 4 spell levels left.
You didn't know any spells.
Your spell library contained the following spells:

 Spells                   Type           Power      Damage    Failure   Level
 Summon Small Mammal      Summ           0%         N/A       34%         1
 Sublimation of Blood     Necr           0%         N/A       47%         2
 Wereblood                Tmut           0%         N/A       47%         2
 Call Canine Familiar     Summ           0%         N/A       71%         3
 Summon Guardian Golem    Hex/Summ       0%         N/A       71%         3
 Summon Hydra             Summ           0%         N/A       100%        7

Inventory:

Missiles
 f - 31 stones
 i - 4 poisoned darts
Talismans
 b - a beast talisman
Scrolls
 d - 2 scrolls of fog {unknown}
 e - a scroll of fear {unknown}
 l - a scroll of poison {unknown}
 m - 2 scrolls of identify {unknown}
 n - 3 scrolls of noise {unknown}
Potions
 a - a potion of lignification {!q}
 c - 2 potions of enlightenment {unknown}
 g - a potion of brilliance {unknown}
 h - a potion of curing {unknown}
 j - 2 potions of heal wounds {unknown}
 k - a potion of degeneration {unknown}
 o - a potion of cancellation {unknown}

Dungeon Overview and Level Annotations

Branches:
Dungeon (3/15) Zot: 16140

Altars:
Xom

Annotations:
D:3 Ijyb

#...# #..##
#.######...#
#.........##
#.........#
##.#####...#####
................
########...#####
#..h#
#...g......
#).........
##.######## ###


You could see Ijyb.


Message History

Your hp is fully restored (29).
There is an open door here.
Found a stone staircase leading down.
A goblin comes into view. It is wielding a +0 dagger.
A goblin is nearby!
The goblin shouts!
You tentacle-slap the goblin. You grab the goblin. You constrict the goblin.
You kill the goblin!
No target in view!
No target in view!
No target in view!
Found a shimmering altar of Xom.
As you open the door, it creaks loudly!
There is an open door here.
You open the door.
An adder comes into view.
A rat comes into view.
There is an open door here.
The adder hisses angrily.
The rat barely misses you.
You barely miss the rat. You grab the rat. You squeeze the rat.
You kill the rat!
You barely miss the adder. Your grab misses the adder. The adder bites you.
You are poisoned.
The adder poisons you! 😕 HP[-2]
You take 2 damage, and now have 27/29 hp.
You closely miss the adder. Your grab misses the adder.
You tentacle-slap the adder! You squeeze the adder.
You feel sick.
Natasha, Servant of Life and Death comes into view.
The adder bites you. 😕 HP[-2]
You take 2 damage, and now have 25/29 hp.
You barely miss the adder.
Natasha hisses angrily.
Your grab misses the adder.
You feel sick. The adder closely misses you.
Natasha howls an incantation.
You feel disoriented.
You tentacle-slap the adder.
You kill the adder!
You feel sick. 😕 HP[-1]
You take 1 damage, and now have 24/29 hp.
You feel sick.
You see here a rat corpse. 😕 HP[-1]
You take 1 damage, and now have 23/29 hp.
You feel sick.
You are no longer poisoned.
Natasha closely misses you. 😕 HP[-1]
You take 1 damage, and now have 22/29 hp.
You bludgeon Natasha! You grab Natasha. You squeeze Natasha.
You constrict Natasha. Natasha misses you.
You tentacle-slap Natasha.
You kill Natasha!
Natasha growls in agony!
You have reached level 5!
You feel clever. 😕 HP[+5] MP[+1]
You now have 34 max hp (+5).
You regained 5 hp, and now have 27/34 hp.
Your mp is fully restored (5).
You open the door.
There is an open door here.
Key pressed, stopping explore.
m - 2 scrolls labelled TUNUSE KAPNE (gained 1) Key pressed, stopping explore.
Ijyb the Twisted Goblin comes into view.
She is wielding a +4 club and carrying a wand of flame. 😎 HP[+7]
Your hp is fully restored (34).
Ijyb shouts!
Ijyb hits you with a +4 club. 😕 HP[-4]
You take 4 damage, and now have 30/34 hp.
You tentacle-slap Ijyb but do no damage.
Your grab misses Ijyb. Your squeeze misses Ijyb. Ijyb barely misses you.
You tentacle-slap Ijyb but do no damage.
You grab Ijyb. You squeeze Ijyb. You constrict Ijyb, but do no damage.
Ijyb zaps a wand.
The puff of flame hits you!
You are too injured to fight recklessly! 😮 HP[-8]
You take 8 damage, and now have 22/34 hp.
MASSIVE DAMAGE!! (PAUSE)
You tentacle-slap Ijyb but do no damage.
You constrict Ijyb. Ijyb hits you with a +4 club. 😮 HP[-4]
You take 4 damage, and now have 18/34 hp.
You tentacle-slap Ijyb but do no damage.
You squeeze Ijyb. You constrict Ijyb.
Ijyb zaps a wand.
The puff of flame hits you!
* * * LOW HITPOINT WARNING * * *
😱 HP[-14]
You take 14 damage, and now have 4/34 hp.
MASSIVE DAMAGE!! (PAUSE)
You tentacle-slap Ijyb but do no damage.
You squeeze Ijyb, but do no damage. You constrict Ijyb, but do no damage.
Ijyb hits you with a +4 club!
You die...

Skill      XL: |  1  2  3  4 |
---------------+-------------+-----
Fighting       | 2 |  2.2
Dodging        | |  2.8
Unarmed Combat | |  3.7
Shapeshifting  | |  3.9

Action                     |  1- 3 |  4- 6 || total
---------------------------+-------+-------++-------
  Melee: Unarmed           |    66 |    24 ||    90
         Constrict         |    16 |     7 ||    23
         Tentacles         |    12 |     9 ||    21
         Punch             |     1 |     1 ||     2
   Stab: Sleeping          |     6 |       ||     6
 Armour: Skin              |     6 |     1 ||     7
  Dodge: Dodged            |    45 |    15 ||    60
         Form:             |     1 |       ||     1
         Beast             |     1 |       ||     1

Levels and vault maps discovered:
D:1:      dpeg_arrival_oval, layout_basic, serial_bayou, serial_bayou_pond_b,
          serial_bayou_shore_a, serial_bayou_ford_a, serial_bayou_shore_b
D:2:      layout_rooms
D:3:      layout_basic, marbit_many_paths, lightli_temple_of_fire,
          okawaru_metal_pillars_1_2, kennysheep_jessica_study,
          uniq_crazy_yiuf_cottage, uniq_ijyb, uniq_natasha

Notes
Turn   | Place    | Note
-------+----------+-------------------------------------------
     0 | D:1      | spiderkeys the Octopode Shapeshifter began the quest for
                  | the Orb.
     0 | D:1      | Reached XP level 1. HP: 13/13 MP: 1/1
     0 | D:1      | magus.rc [v1.11.3]
    90 | D:1      | Reached XP level 2. HP: 10/18 MP: 2/2
   537 | D:1      | Reached XP level 3. HP: 23/23 MP: 3/3
  1084 | D:2      | Identified the +3 ring mail of Fortitude {Str-4 Dex+5}
  1259 | D:2      | You pick up a book of Callings and begin reading...
  1259 | D:2      | You add the spells Summon Small Mammal, Call Canine
                  | Familiar and Summon Guardian Golem to your library.
  1341 | D:2      | You pick up a book of Blood and begin reading...
  1341 | D:2      | You add the spells Sublimation of Blood, Wereblood and
                  | Summon Hydra to your library.
  1562 | D:3      | Reached XP level 4. HP: 24/29 MP: 4/4
  1667 | D:3      | Noticed Natasha
  1674 | D:3      | Killed Natasha
  1675 | D:3      | Reached skill level 2 in Fighting
  1754 | D:3      | Found a shimmering altar of Xom.
  1777 | D:3      | Noticed Natasha
  1783 | D:3      | Killed Natasha
  1784 | D:3      | Reached XP level 5. HP: 27/34 MP: 5/5
  1857 | D:3      | Noticed Ijyb
  1864 | D:3      | HP: 4/34 [Ijyb/puff of flame (14)]
  1865 | D:3      | Slain by Ijyb

Vanquished Creatures
  Natasha (twice) (D:3)
  4 adders
  A dart slug (D:3)
  2 endoplasms
  7 goblins
  5 hobgoblins (D:1)
  5 jackals (D:1)
  3 kobolds
  2 quokkas (D:1)
  4 ball pythons (D:1)
  4 bats
  2 frilled lizards
  4 rats
45 creatures vanquished.

Table legend:
 A = Non-vault XP
 B = Vault XP
 C = Vault XP percentage of total XP
 D = Non-vault monster count
 E = Vault monster count
 F = Vault count percentage of total count
                 A         B        C        D         E       F
            +---------+---------+-------+---------+---------+-------
      Total |     147 |      43 |  22.6 |      39 |       6 |  13.3
            +---------+---------+-------+---------+---------+-------
        D:1 |      37 |       6 |  14.0 |      21 |       4 |  16.0
        D:2 |      23 |       0 |   0.0 |       7 |       0 |   0.0
        D:3 |      87 |      37 |  29.8 |      11 |       2 |  15.4
            +---------+---------+-------+---------+---------+-------

Skill      XL: |  1  2  3  4 |
---------------+-------------+-----
Fighting       | 2 |  2.2
Dodging        | |  2.8
Unarmed Combat | |  3.7
Shapeshifting  | |  3.9

Action                     |  1- 3 |  4- 6 || total
---------------------------+-------+-------++-------
  Melee: Unarmed           |    66 |    24 ||    90
         Constrict         |    16 |     7 ||    23
         Tentacles         |    12 |     9 ||    21
         Punch             |     1 |     1 ||     2
   Stab: Sleeping          |     6 |       ||     6
 Armour: Skin              |     6 |     1 ||     7
  Dodge: Dodged            |    45 |    15 ||    60
         Form:             |     1 |       ||     1
         Beast             |     1 |       ||     1

Illustrated notes

Table legend:
 A = Kills in this place as a percentage of kills in the entire game.
 B = Kills by you in this place as a percentage of kills by you in the entire game.
 C = Kills by friends in this place as a percentage of kills by friends in the entire game.
 D = Other kills in this place as a percentage of other kills in the entire game.
 E = Experience gained in this place as a percentage of experience gained in the entire game.
 F = Experience gained in this place divided by the number of levels of this place that you have seen.
                   A       B       C       D       E      F
               +-------+-------+-------+-------+-------+----------------------
         Total | 100.0 | 100.0 |   N/A |   N/A | 100.0 |  63.3
       Dungeon | 100.0 | 100.0 |   N/A |   N/A | 100.0 |  63.3
               +-------+-------+-------+-------+-------+----------------------

Table legend: (Time is in decaauts)
 A = Elapsed time spent in this place.
 B = Non-inter-level travel time spent in this place.
 C = Inter-level travel time spent in this place.
 D = Time resting spent in this place.
 E = Time spent auto-exploring this place.
 F = Levels seen in this place.
 G = Mean time per level.
                   A        B        C        D        E       F      G
               +--------+--------+--------+--------+--------+-----+--------+
         Total |   1858 |   1758 |    100 |     37 |   1457 |   3 |  619.3 |
       Dungeon |   1858 |   1758 |    100 |     37 |   1457 |   3 |  619.3 |
               +--------+--------+--------+--------+--------+-----+--------+

Top non-repeatable levels by time:
     D:1: 1031 daAuts
     D:2: 472 daAuts
     D:3: 355 daAuts
